[Event "Early-Titled-Tuesday-Blitz-October-17-2023"]
[Site "Chess.com"]
[Date "2023.10.17"]
[Round "9"]
[White "balachess2006"]
[Black "arminmusovic"]
[Result "1-0"]
[WhiteElo "2607"]
[BlackElo "2487"]
[TimeControl "180+1"]
[EndTime "9:48:18 PDT"]
[Termination "balachess2006 won on time"]

1. Nf3 Nf6 2. c4 c5 3. e3 g6 4.
d4 cxd4 5. exd4 d5 6. Nc3 Bg7 7. cxd5 Nxd5 8. Qb3 Nxc3 9. bxc3 O-O 10. Be2 Nc6 11. O-O Na5 12. Qc2 Bd7 13. Be3 Rc8 14. c4 Bf5 15. Qa4 Be4 16. Rac1 a6 17. Rfd1 h6 18.
d5 Bb2 19. Bxh6 Re8 20. Bd2 b6 21. Bxa5 bxa5 22. Nd4 Bxc1 23. Nc6 Qb6 24. Rxc1 Qb2 25. Qd1 e6 26. f3 exd5 27. cxd5 Kg7 28. fxe4 Rxe4 29.
Bf3 Ra4 30. d6 Rxa2 31. d7 Qf2+ 32. Kh1 Rh8 33. d8=Q Rxd8 34. Qxd8 Rd2 35. Qxa5 Kh7 36. Qc3 1-0

[Event "Early-Titled-Tuesday-Blitz-October-17-2023"]
[Site "Chess.com"]
[Date "2023.10.17"]
[Round "9"]
[White "GM_Huschenbeth"]
[Black "BardArtem"]
[Result "1-0"]
[WhiteElo "2590"]
[BlackElo "2739"]
[TimeControl "180+1"]
[EndTime "9:48:19 PDT"]
[Termination "GM_Huschenbeth won by checkmate"]

1. e4 e5 2. Nf3 Nc6 3. Bb5 Nge7 4.
Nc3 Ng6 5. d4 Nxd4 6. Nxd4 exd4 7. Qxd4 c6 8. Be2 Qb6 9. Qd3 Be7 10. O-O O-O 11. Be3 Qc7 12. f4 d6 13. Rad1 Rd8 14. Kh1 Bf6 15. Bd4 Bxd4 16. Qxd4 Qe7 17. Bc4 Be6 18. Bb3 Bxb3 19. axb3 Qf6 20. Qxf6 gxf6 21. g3 Rd7 22. Rd4 Rad8 23. Rfd1 Ne7 24. g4 Kf8 25.
Kg2 Ng6 26. Ne2 Re8 27. Kf3 Rde7 28. Ng3 d5 29. exd5 cxd5 30. R1d3 Re1 31. Rxd5 Rg1 32. Kf2 Rc1 33. Rc3 Nxf4 34. Rd7 Nh3+ 35. Kg2 Ng5 36.
Rcc7 Ree1 37. Rc8+ Kg7 38. Nf5+ Kg6 39. Rg8# 1-0

[Event "Early-Titled-Tuesday-Blitz-October-17-2023"]
[Site "Chess.com"]
[Date "2023.10.17"]
[Round "9"]
[White "PoXerStar"]
[Black "Dewarfd"]
[Result "1-0"]
[WhiteElo "2424"]
[BlackElo "2207"]
[TimeControl "180+1"]
[EndTime "9:48:21 PDT"]
[Termination "PoXerStar won by resignation"]

1. Nf3 Nf6 2. c4 e6 3. Nc3 d5 4.
d4 c5 5. cxd5 Nxd5 6. e4 Nxc3 7.
bxc3 cxd4 8. cxd4 Bb4+ 9. Bd2 Bxd2+ 10. Qxd2 O-O 11. Rd1 b6 12. d5 exd5 13. exd5 Bb7 14.
Be2 Nd7 15. O-O Rc8 16. d6 Rc5 17. h3 Qf6 18. Qd4 Bxf3 19. Bxf3 Qxd4 20. Rxd4 Rd8 21. Re1 g6 22. Re7 Re5 23. Bc6 Nb8 24. Ba4 Ra5 25.
d7 Kg7 26. Re8 Rxd7 27. Bxd7 Nxd7 28. Rxd7 Rxa2 29. Ree7 Ra1+ 30. Kh2 a5 31. Rxf7+ Kh6 32. Rxh7+ Kg5 33. Rb7 a4 34. Rxb6 a3 35. Ra7 a2 36.
Rba6 Kh5 37. Rxa2 g5 38. Rxa1 g4 39. hxg4+ Kg5 40. R1a5+ Kf4 41. g3+ Kf3 42. g5 Ke2 43.
Kg2 Kd3 44. Rd5+ 1-0

[Event "Early-Titled-Tuesday-Blitz-October-17-2023"]
[Site "Chess.com"]
[Date "2023.10.17"]
[Round "9"]
[White "campochess"]
[Black "atalz0"]
[Result "0-1"]
[WhiteElo "2167"]
[BlackElo "2487"]
[TimeControl "180+1"]
[EndTime "9:48:21 PDT"]
[Termination "atalz0 won on time"]

1. d4 Nf6 2. Bg5 d5 3. Nd2 c5 4. Bxf6 gxf6 5. c3 cxd4 6. cxd4 Nc6 7. e3 Bf5 8. Bb5 Rc8 9. Ne2 a6 10. Bxc6+ Rxc6 11. Nc3 Rg8 12. Qf3 e6 13. h3 Bb4 14.
Rc1 Qc7 15. O-O Bxc3 16. Rxc3 Rxc3 17. bxc3 Qxc3 18. Qf4 Kf8 19. Nb1 Qb2 20. Qh6+ Ke7 21. Qf4 Bxb1 22. Qc7+ Kf8 23. Rc1 Bg6 24. Qd6+ Kg7 25.
Rc7 Qb1+ 26. Kh2 Qxa2 27. f4 Qf2 28. Qxe6 Qh4 29. Qxd5 Kh8 30. Qf3 Qh5 31. Qxb7 Qf5 32.
Qf3 Qe4 33. Qxe4 Bxe4 34. Ra7 Rxg2+ 35. Kh1 Kg7 0-1

[Event "Early-Titled-Tuesday-Blitz-October-17-2023"]
[Site "Chess.com"]
[Date "2023.10.17"]
[Round "9"]
[White "mmDarko"]
[Black "THE_PLAYER6"]
[Result "0-1"]
[WhiteElo "2298"]
[BlackElo "2574"]
[TimeControl "180+1"]
[EndTime "9:48:21 PDT"]
[Termination "THE_PLAYER6 won by checkmate"]

1. d4 Nf6 2. Nf3 d5 3. e3 Bg4 4. Be2 e6 5. O-O Bd6 6. h3 Bh5 7.
c4 c6 8. Nbd2 Nbd7 9. Qc2 O-O 10.
e4 dxe4 11. Nxe4 Nxe4 12. Qxe4 Nf6 13. Qc2 Bg6 14. Bd3 Bxd3 15. Qxd3 Bc7 16. Bg5 h6 17. Bh4 e5 18. Qf5 exd4 19. Bxf6 Qxf6 20. Qxf6 gxf6 21. Nxd4 Be5 22. Nf5 Kh7 23. Rad1 Rad8 24. b3 a5 25. g3 Kg6 26. Ne7+ Kg7 27. Nf5+ Kg6 28. Ne7+ Kh7 29. Kg2 a4 30. f4 Bc3 31. Nf5 b5 32. Kf3 bxc4 33.
bxc4 c5 34. Ne7 Bd4 35. Nd5 Rb8 36. Rb1 a3 37. Rxb8 Rxb8 38. Re1 Rb2 39. Re2 Kg6 40. g4 h5 41. f5+ Kg5 42. Re8 Rxa2 43.
Rg8+ Kh6 44. h4 hxg4+ 45. Kxg4 Rg2+ 46. Kf3 Rxg8 47. Ke4 a2 48. Ne7 Re8 49. Kd5 Rxe7 50.
Kd6 a1=Q 51. Kxe7 Qc3 52. Kxf7 Qxc4+ 53. Ke7 Qd5 54. Ke8 c4 55. Ke7 Bc5+ 56. Kxf6 Qd6+ 57.
Kf7 Qe7+ 58. Kg8 Qf8# 0-1

[Event "Early-Titled-Tuesday-Blitz-October-17-2023"]
[Site "Chess.com"]
[Date "2023.10.17"]
[Round "9"]
[White "Herman-NY"]
[Black "destruyeabuelitas"]
[Result "1-0"]
[WhiteElo "2534"]
[BlackElo "2351"]
[TimeControl "180+1"]
[EndTime "9:48:22 PDT"]
[Termination "Herman-NY won by checkmate"]

1. e4 c6 2. d4 d5 3. e5 c5 4. dxc5 Nc6 5. f4 e6 6. Be3 Nge7 7. c3 Nf5 8. Bf2 b6 9. cxb6 axb6 10. Nf3 Bc5 11. Bd3 Bxf2+ 12. Kxf2 O-O 13. Bxf5 exf5 14. Na3 f6 15. exf6 Rxf6 16. Nc2 Be6 17. Ncd4 Nxd4 18. Nxd4 Bf7 19. Qf3 Qd6 20. Rhe1 Qc5 21.
a3 b5 22. Rad1 Qc4 23. Kg1 Rf8 24. Re5 Qa2 25. Rd2 g6 26. Qd1 Be6 27. Nxe6 Re8 28. Nd4 Rxe5 29. fxe5 Rf7 30. e6 Re7 31. Re2 Qc4 32.
Qd2 Kg7 33. Qe3 Qa2 34. Qe5+ Kh6 35. h3 Qb1+ 36. Kh2 Qf1 37. g3 Kh5 38. g4+ Kh4 39. Qf6+ g5 40. Qh6# 1-0

[Event "Early-Titled-Tuesday-Blitz-October-17-2023"]
[Site "Chess.com"]
[Date "2023.10.17"]
[Round "9"]
[White "Makswolf200817"]
[Black "averageFM"]
[Result "0-1"]
[WhiteElo "2682"]
[BlackElo "2594"]
[TimeControl "180+1"]
[EndTime "9:48:24 PDT"]
[Termination "averageFM won by resignation"]

1. Nf3 Nf6 2. c4 e6 3. b3 d5 4.
Bb2 Be7 5. e3 O-O 6. Nc3 c5 7.
cxd5 exd5 8. d4 Nc6 9. Be2 Ne4 10.
O-O Bf6 11. Rc1 cxd4 12. Nxd4 Nxd4 13. exd4 Nxc3 14. Rxc3 Be6 15. Ba3 Qa5 16. b4 Qb6 17.
Rc5 Be7 18. Qd2 Bxc5 19. dxc5 Qc7 20. Rc1 Rfd8 21. Qd4 f6 22. Bb2 Bf7 23. a4 Re8 24.
Bf3 Qe5 25. Qd2 Qe6 26. Bd4 Bg6 27. h3 Be4 28. Re1 Qd7 29. Bd1 a6 30. Bb3 Qf5 31. Bc3 Rad8 32. b5 axb5 33. axb5 Qg6 34. f3 Bxf3 35.
Rxe8+ Rxe8 36. Bxd5+ Bxd5 37. Qxd5+ Qf7 38. Qf3 Qe6 39.
Qxb7 Qe3+ 40. Kh2 Qxc3 41. Qd7 Qe5+ 42. Kh1 Ra8 43. Qd1 Ra1 0-1

[Event "Early-Titled-Tuesday-Blitz-October-17-2023"]
[Site "Chess.com"]
[Date "2023.10.17"]
[Round "9"]
[White "Mikhail_Golubev"]
[Black "KatakuriDono"]
[Result "1-0"]
[WhiteElo "2571"]
[BlackElo "2386"]
[TimeControl "180+1"]
[EndTime "9:48:26 PDT"]
[Termination "Mikhail_Golubev won by checkmate"]

1. e4 e5 2. Nf3 Nc6 3. Bc4 Nf6 4. Ng5 d5 5. exd5 Na5 6. Bb5+ c6 7. dxc6 bxc6 8. Bd3 Nd5 9. Nf3 Bd6 10. O-O O-O 11.
Re1 Qc7 12. Bf1 Bg4 13. c4 Nf4 14. h3 Bh5 15. d3 Rad8 16. Bxf4 exf4 17. a3 Bg6 18. b4 Nb7 19. Nc3 a5 20. c5 Be7 21.
d4 Bf6 22. Ne4 Bxe4 23. Rxe4 Rd7 24. Bc4 Rfd8 25. Qd3 g6 26. Rae1 axb4 27. axb4 Kg7 28. h4 h5 29. Qd2 Rb8 30. Rxf4 Nd8 31. Rxf6 Kxf6 32. Qh6 Ne6 33. Ne5 Rxd4 34. Bxe6 Kxe6 35. Nxc6+ Kd5 36. Nxb8 Qxb8 37. Qg5+ Kc4 38. c6 Qc7 39. Rc1+ Kb3 40. Qc5 Rf4 41. Qc3+ Ka4 42. Ra1+ Kb5 43. Qc5# 1-0

[Event "Early-Titled-Tuesday-Blitz-October-17-2023"]
[Site "Chess.com"]
[Date "2023.10.17"]
[Round "9"]
[White "chessfatbear"]
[Black "Anton_Demchenko"]
[Result "1-0"]
[WhiteElo "2812"]
[BlackElo "3000"]
[TimeControl "180+1"]
[EndTime "9:48:29 PDT"]
[Termination "chessfatbear won on time"]

1. e4 e5 2. Nf3 Nc6 3. Bb5 a6 4. Ba4 Nge7 5. d3 d6 6. c3 g6 7.
Nbd2 Bg7 8. O-O O-O 9. Re1 h6 10.
Nf1 f5 11. exf5 Nxf5 12. Bxc6 bxc6 13. Ng3 c5 14. Be3 Rb8 15. Rb1 Bb7 16. Nd2 Qd7 17.
Nde4 Qf7 18. Qd2 Kh7 19. c4 Rbd8 20. Rf1 Nd4 21. b4 cxb4 22. Qxb4 Ba8 23. Bxd4 exd4 24.
Qa5 d5 25. cxd5 Bxd5 26. f4 Qd7 27. h3 Rf7 28. Rf2 Rdf8 29. Rbf1 Qb5 30. Qd2 Qd7 31. Rf3 Kh8 32. Qf2 c5 33. Nxc5 Qb5 34. Nce4 Qa5 35.
f5 Be5 36. f6 Qxa2 37. Qe1 Qa3 38. Ng5 1-0

[Event "Early-Titled-Tuesday-Blitz-October-17-2023"]
[Site "Chess.com"]
[Date "2023.10.17"]
[Round "9"]
[White "SanchezKelvin"]
[Black "Laico"]
[Result "1-0"]
[WhiteElo "2570"]
[BlackElo "2443"]
[TimeControl "180+1"]
[EndTime "9:48:29 PDT"]
[Termination "SanchezKelvin won on time"]

1. e4 e6 2. d4 d5 3. Nd2 Nf6 4.
e5 Nfd7 5. f4 c5 6. c3 Nc6 7.
Ndf3 f6 8. Bd3 Qb6 9. Ne2 cxd4 10. cxd4 Bb4+ 11. Bd2 O-O 12. Bxb4 Nxb4 13. Bb1 Qa6 14. a3 Nb6 15. axb4 Qb5 16. Qd2 Bd7 17. Bd3 Nc4 18.
Bxc4 dxc4 19. Ra5 Qb6 20. exf6 gxf6 21. d5 exd5 22. Qxd5+ Be6 23. Qc5 Qd8 24. Qd4 Qe7 25. f5 Rfd8 26. Qg4+ Kh8 27. fxe6 Qxb4+ 28. Kf2 Qxa5 29.
Ned4 Qb6 30. Re1 Qxb2+ 31. Re2 Qb6 32. Qf5 Kg7 33. Re4 Rf8 34. Rg4+ Kh8 35. Rh4 Qc7 36. Nb5 Qe7 37. Rd4 Rad8 38. Rxc4 a6 39. Rc7 1-0

[Event "Early-Titled-Tuesday-Blitz-October-17-2023"]
[Site "Chess.com"]
[Date "2023.10.17"]
[Round "9"]
[White "lefonghua"]
[Black "sorch29"]
[Result "0-1"]
[WhiteElo "2622"]
[BlackElo "2423"]
[TimeControl "180+1"]
[EndTime "9:48:32 PDT"]
[Termination "sorch29 won by resignation"]

1. d4 Nf6 2. c4 g6 3. Nc3 Bg7 4.
e4 d6 5. f4 O-O 6. Nf3 Na6 7. Be2 Bg4 8. O-O Nd7 9. h3 Bxf3 10.
Bxf3 e5 11. fxe5 dxe5 12. d5 Nac5 13. b4 Na6 14. a3 c5 15. Rb1 Rc8 16. b5 Nc7 17.
Be3 Ne8 18. a4 Nd6 19. Qb3 f5 20. Ra1 Bf6 21. a5 Bg5 22. Bf2 Bd2 23. a6 b6 24.
Rad1 Bxc3 25. Qxc3 fxe4 26. Bg4 Qe7 27. Be6+ Kh8 28.
Bg3 Nf5 29. Bxe5+ Nxe5 30. Qxe5+ Qg7 31. Qxg7+ Kxg7 32. Bxc8 Rxc8 33. Rde1 Re8 34. g4 Nd6 35. Rc1 e3 36. Rfe1 Re4 37. Kg2 Kf6 38. Rc3 Nxc4 39.
d6 Nxd6 40. Rcxe3 Rxe3 41. Rxe3 Nxb5 42. Re8 Nc7 43. Rh8 Nxa6 44. Rxh7 Nb4 45. Rxa7 c4 46. Rc7 Nd5 47. Rc6+ Ke5 48. Kf3 b5 49. h4 b4 50.
h5 gxh5 51. gxh5 b3 52. Rc8 b2 53. Rb8 c3 54. h6 Nf6 55. Rb5+ Kd4 56. Ke2 c2 57. Rxb2 c1=Q 58. Rd2+ Ke4 0-1

[Event "Early-Titled-Tuesday-Blitz-October-17-2023"]
[Site "Chess.com"]
[Date "2023.10.17"]
[Round "9"]
[White "Khromkin"]
[Black "supereagles1201"]
[Result "1-0"]
[WhiteElo "2522"]
[BlackElo "2365"]
[TimeControl "180+1"]
[EndTime "9:48:33 PDT"]
[Termination "Khromkin won on time"]

1. d4 d5 2. c4 c6 3. Nf3 Nf6 4. cxd5 cxd5 5. Nc3 Nc6 6. Bf4 Bf5 7. Nh4 Bd7 8. e3 h6 9. Nf3 Bf5 10. Qb3 Na5 11. Bb5+ Bd7 12. Qa4 Nc6 13. Ne5 Qb6 14. Nxd7 Kxd7 15. O-O e6 16. e4 a6 17. exd5 exd5 18.
Be5 Be7 19. Bd3 Qb4 20. Bf5+ Ke8 21. Qd1 Qa5 22. Re1 Kf8 23. Qf3 Rd8 24. a3 Qb6 25. Na4 Qa5 26. Nc3 Qb6 27. Rad1 Qa7 28. Re2 h5 29. Rde1 b5 30. Bxf6 Bxf6 31. Nxd5 Qxd4 32.
Nxf6 Qxf6 33. Qe4 g6 34. Bh3 Kg7 35. Re3 Rhe8 36. Qb1 Rxe3 37. Rxe3 Qd4 38. g3 Qd1+ 39. Re1 Qxb1 40. Rxb1 1-0

[Event "Early-Titled-Tuesday-Blitz-October-17-2023"]
[Site "Chess.com"]
[Date "2023.10.17"]
[Round "9"]
[White "Flaccidmoves"]
[Black "WiktoriaPOL"]
[Result "1-0"]
[WhiteElo "2420"]
[BlackElo "2286"]
[TimeControl "180+1"]
[EndTime "9:48:33 PDT"]
[Termination "Flaccidmoves won by checkmate"]

1. c4 Nf6 2. Nc3 g6 3. e4 d6 4.
d4 Bg7 5. Nf3 O-O 6. h3 e5 7. d5 Nh5 8. g3 f5 9. exf5 gxf5 10. Bg5 Nf6 11. Qd2 a5 12. O-O-O Na6 13. Nh4 Nc5 14. f4 e4 15. Ng2 Bd7 16. Ne3 a4 17. g4 fxg4 18. hxg4 Qe8 19. f5 a3 20. b4 Na6 21. Nb5 Qe5 22. Nd4 c5 23. dxc6 bxc6 24.
Nec2 c5 25. Bf4 Qe7 26. Nb5 Bxb5 27. cxb5 Nxb4 28. Nxb4 cxb4 29. Qxd6 Rfc8+ 30. Kb1 Qe8 31. b6 Qf7 32. Qe6 Qxe6 33. fxe6 Re8 34. b7 Rad8 35.
Rxd8 Rxd8 36. b8=Q Rxb8 37. Bxb8 Kf8 38. Bd6+ Ke8 39.
Bb5+ Kd8 40. Rc1 Nd5 41. Bc6 Nc3+ 42. Rxc3 Bxc3 43. e7+ Kc8 44. e8=Q# 1-0

[Event "Early-Titled-Tuesday-Blitz-October-17-2023"]
[Site "Chess.com"]
[Date "2023.10.17"]
[Round "9"]
[White "azikom"]
[Black "Grossboss19"]
[Result "1-0"]
[WhiteElo "2627"]
[BlackElo "2492"]
[TimeControl "180+1"]
[EndTime "9:48:37 PDT"]
[Termination "azikom won by resignation"]

1. d4 Nf6 2. c4 e6 3. Nc3 Bb4 4.
Qc2 d5 5. a3 Bxc3+ 6. Qxc3 dxc4 7. Qxc4 O-O 8. Bg5 b6 9. Nf3 Ba6 10. Qa4 c5 11. Rd1 Qd7 12. Qc2 Qb5 13. Bxf6 gxf6 14.
dxc5 Qxc5 15. Qxc5 bxc5 16. e3 Bxf1 17. Rxf1 Nc6 18.
Rd2 Rab8 19. Ke2 Rfd8 20. Rfd1 Rxd2+ 21. Rxd2 Na5 22. Rc2 Kf8 23. Nd2 c4 24. g4 Ke7 25.
h3 Kd6 26. Kf3 Kd5 27. Ne4 Ke5 28. Nc3 f5 29. Ne2 fxg4+ 30. hxg4 f5 31. gxf5 exf5 32. Nf4 Rd8 33. Ke2 Kf6 34. Kf3 Rd6 35. Ne2 Ke5 36. Nd4 Rb6 37. Ke2 h5 38. Nf3+ Ke6 39. Nd2 Rc6 40. Rc3 Kd5 41. Kf3 h4 42. Kg2 Rg6+ 43. Kh3 Rg1 44. Kxh4 Rd1 45. Rc2 Rg1 46. Kh3 f4 47. exf4 Kd4 48. Nf3+ Kd3 49. Rc3+ Ke4 50. Nxg1 1-0

[Event "Early-Titled-Tuesday-Blitz-October-17-2023"]
[Site "Chess.com"]
[Date "2023.10.17"]
[Round "9"]
[White "Alphafischer2019"]
[Black "attack2mateU"]
[Result "1-0"]
[WhiteElo "2608"]
[BlackElo "2709"]
[TimeControl "180+1"]
[EndTime "9:48:40 PDT"]
[Termination "Alphafischer2019 won on time"]

1. e4 c5 2. d3 Nc6 3. g3 g6 4. Bg2 Bg7 5. f4 d6 6. Nf3 e6 7. O-O Nge7 8. c3 O-O 9. Be3 b6 10. d4 Bb7 11. Re1 cxd4 12. cxd4 Rc8 13. Nc3 Na5 14. Bf2 Nc4 15. Qe2 a6 16. g4 b5 17.
Rac1 Qa5 18. h4 b4 19. Nb1 Qxa2 20. Nbd2 Nxd2 21. Qxd2 Rxc1 22. Qxc1 Rc8 23. Qd2 Qb3 24. Re2 a5 25. h5 a4 26. f5 a3 27. bxa3 bxa3 28.
h6 Bh8 29. fxe6 Qxe6 30. g5 Ra8 31. d5 Qg4 32. Bd4 a2 33. Bxh8 Nxd5 34. exd5 a1=Q+ 35. Bxa1 Rxa1+ 36. Re1 Rxe1+ 37. Qxe1 Kf8 38. Qa5 Ke7 39.
Qc7+ Qd7 40. Qc4 Qf5 41. Qc7+ Qd7 42. Qxd7+ Kxd7 43. Nd4 Ke7 44. Nc6+ Kf8 45. Kf2 f6 46. gxf6 Bc8 47. Nd8 1-0

[Event "Early-Titled-Tuesday-Blitz-October-17-2023"]
[Site "Chess.com"]
[Date "2023.10.17"]
[Round "9"]
[White "KorolDimitriy75"]
[Black "mary-sanna"]
[Result "0-1"]
[WhiteElo "2369"]
[BlackElo "2181"]
[TimeControl "180+1"]
[EndTime "9:48:41 PDT"]
[Termination "mary-sanna won on time"]

1. d4 Nf6 2. c4 e6 3. Nc3 Bb4 4.
Qc2 d5 5. cxd5 exd5 6. Bg5 O-O 7.
e3 h6 8. Bh4 c6 9. Bd3 Bg4 10.
f3 Be6 11. Ne2 Nbd7 12. O-O a5 13. Rad1 Re8 14. e4 dxe4 15. fxe4 Be7 16. h3 Nf8 17. a3 Qb6 18. Bf2 Qc7 19. e5 Nd5 20.
Ne4 b6 21. Rc1 Rac8 22. Qd2 Qd7 23. Bb1 Ng6 24. N2c3 Red8 25. Qc2 Nxc3 26. Qxc3 Qd5 27. Rcd1 Rd7 28. Qf3 Qb5 29. Rd2 Rcd8 30. Bd3 Qb3 31. Be3 Bd5 32. Qf5 Nh4 33. Nf6+ Bxf6 34. Qh7+ Kf8 35. exf6 gxf6 36. Qh8+ Ke7 37. Qxf6+ Ke8 38.
Qxh4 Rd6 39. Bxh6 Kd7 40. Qg4+ Kc7 41. Bf4 f5 42. Qg3 Rg8 43. Bxd6+ Kb7 44. Qxg8 Bxg8 45. Be5 Qd5 0-1

[Event "Early-Titled-Tuesday-Blitz-October-17-2023"]
[Site "Chess.com"]
[Date "2023.10.17"]
[Round "9"]
[White "KIEV-1"]
[Black "UK_23"]
[Result "1/2-1/2"]
[WhiteElo "2289"]
[BlackElo "2406"]
[TimeControl "180+1"]
[EndTime "9:48:44 PDT"]
[Termination "Game drawn - insufficient material"]

1. e4 e5 2. Nf3 Nc6 3. Bc4 Nf6 4. d3 Be7 5. Nc3 O-O 6. h3 d6 7. Be3 Na5 8. Bb3 c5 9. Qd2 a6 10. Bd5 Nxd5 11. Nxd5 Nc6 12. Bg5 Bxg5 13. Nxg5 Be6 14. Nxe6 fxe6 15. Ne3 b5 16. O-O Rf4 17. a4 b4 18. g3 Rf7 19. f4 exf4 20. gxf4 Qh4 21. Qh2 Raf8 22. Ng2 Qh6 23. c3 Qf6 24. Rac1 bxc3 25.
bxc3 Rb8 26. f5 Rbf8 27. Qxd6 exf5 28. Qxf6 Rxf6 29. exf5 Rxf5 30. Rxf5 Rxf5 31. Rf1 Rxf1+ 32. Kxf1 Ne5 33. Ke2 Kf7 34. Ke3 Ke6 35. Nf4+ Kd6 36. d4 Nc4+ 37. Ke4 Nb2 38. a5 c4 39. Nh5 g6 40.
Nf6 Na4 41. Nxh7 Nxc3+ 42. Ke3 Nd5+ 43. Ke4 c3 44. Kd3 Kc6 45. h4 Kb5 46. Nf8 Nf4+ 47.
Kxc3 Kxa5 48. Kc4 Kb6 49. d5 Kc7 50. Kc5 a5 51. Nxg6 Nxg6 52. h5 Nh8 53. Kb5 Kd6 54.
Kxa5 Kxd5 55. h6 Ke5 56. h7 Kf6 57. Kb6 Kg7 58. Kc7 Kf7 59. Kd7 Kg7 60. Kd6 Kxh7 1/2-1/2

[Event "Early-Titled-Tuesday-Blitz-October-17-2023"]
[Site "Chess.com"]
[Date "2023.10.17"]
[Round "9"]
[White "alexrustemov"]
[Black "LeoLV10"]
[Result "0-1"]
[WhiteElo "2780"]
[BlackElo "2597"]
[TimeControl "180+1"]
[EndTime "9:48:45 PDT"]
[Termination "LeoLV10 won on time"]

1. d4 Nf6 2. c4 e6 3. Nf3 b6 4. a3 Bb7 5. Nc3 d6 6. Qc2 Nbd7 7.
e4 e5 8. Be2 Be7 9. O-O O-O 10.
Be3 Re8 11. Rad1 exd4 12. Nxd4 Bf8 13. f3 Ne5 14. Rfe1 a6 15. Bf1 h6 16. Nf5 Bc8 17.
Ng3 Be6 18. Nd5 Bxd5 19. cxd5 Qd7 20. Rc1 Rec8 21. Red1 b5 22. Nf5 c5 23. dxc6 Rxc6 24. Qd2 Rac8 25. Rxc6 Rxc6 26. Bd4 Qe6 27. Ne3 Qb3 28.
Bc3 Qe6 29. Nd5 Rc8 30. h3 Nxd5 31. Qxd5 Qg6 32. Kh1 Qg3 33. Qd2 Be7 34. Qe1 Qg6 35. Qf2 Qh5 36. Be2 Bh4 37. Qe3 Ng6 38. Rxd6 Bg3 39.
Rd5 Qh4 40. Bf1 Bf4 41. Qd4 f6 42. Qg1 Qg3 43. Rd1 Bb8 44. Be1 Qf4 45. g3 Qxf3+ 46. Kh2 Qxd1 47. Bg2 Nh4 48. Qf2 Rc2 0-1

[Event "Early-Titled-Tuesday-Blitz-October-17-2023"]
[Site "Chess.com"]
[Date "2023.10.17"]
[Round "9"]
[White "Fan_Of_Chucky"]
[Black "GradualismUnleashed"]
[Result "1-0"]
[WhiteElo "2512"]
[BlackElo "2612"]
[TimeControl "180+1"]
[EndTime "9:48:45 PDT"]
[Termination "Fan_Of_Chucky won by resignation"]

1. d4 d5 2. c4 e6 3. Nc3 Nf6 4.
cxd5 exd5 5. Bg5 c6 6. e3 Ke7 7.
Ke2 Ke8 8. Ke1 Be7 9. Bd3 Nbd7 10. Nge2 Nf8 11. Qc2 Bg4 12. f3 Bh5 13. Kf2 Ne4+ 14. Bxe4 Bxg5 15. h4 Bxh4+ 16. g3 dxe4 17. Qxe4+ Ne6 18.
Qxh4 Qxh4 19. Rxh4 Bg6 20. e4 Rd8 21. Ke3 f5 22. e5 Ke7 23. Rd1 Nc7 24. Nf4 Bf7 25. Rh2 g5 26. Nh5 Nd5+ 27. Nxd5+ Bxd5 28. Nf6 Bxa2 29. Ra1 Bc4 30. Rxa7 Ba6 31. g4 fxg4 32. fxg4 h6 33. Ne4 Rhf8 34. Nc5 Ra8 35. Rxa8 Rxa8 36. Rxh6 Bc4 37. Rh7+ Bf7 38. e6 Ra1 39. Rxf7+ Ke8 40.
Nxb7 Re1+ 41. Kd3 Rxe6 42. Rg7 Rf6 43. Rxg5 Rf3+ 44. Kc4 Rf2 45. Nc5 Rxb2 46. Rg6 Rc2+ 47. Kd3 Rg2 48. Rxc6 Rg3+ 49. Kc4 Rxg4 50. Nd3 Kd7 51.
Ne5+ Ke7 52. Nxg4 1-0

[Event "Early-Titled-Tuesday-Blitz-October-17-2023"]
[Site "Chess.com"]
[Date "2023.10.17"]
[Round "9"]
[White "m_ezat"]
[Black "kingofthenil"]
[Result "1/2-1/2"]
[WhiteElo "2566"]
[BlackElo "2732"]
[TimeControl "180+1"]
[EndTime "9:48:46 PDT"]
[Termination "Game drawn - insufficient material"]

1. d4 d5 2. c4 c6 3. Nc3 Nf6 4.
cxd5 Nxd5 5. e4 Nxc3 6. bxc3 e5 7. a3 Nd7 8. Nf3 exd4 9. cxd4 Be7 10. Bd3 O-O 11. e5 Re8 12. O-O Nf8 13. h3 Be6 14. Rb1 b5 15. Be4 Bd5 16. Qc2 a6 17. Rd1 Bxe4 18. Qxe4 Qd5 19. Qc2 Ne6 20. a4 Red8 21. Be3 h6 22. Rdc1 Rdc8 23. Qd1 a5 24. Qb3 Qxb3 25. Rxb3 bxa4 26. Rbc3 a3 27. d5 Nd8 28. d6 Bf8 29. Rxa3 f6 30. exf6 Bxd6 31. Rd3 Nf7 32. fxg7 a4 33. Bd4 c5 34. Ba1 a3 35. Nd2 a2 36.
Nc4 Rcb8 37. Nxd6 Rb1 38. Rdd1 Rxc1 39. Rxc1 Nxd6 40. Rxc5 Rb8 41. Be5 Rb1+ 42. Kh2 a1=Q 43. Bxa1 Rxa1 44. Rc6 Nf7 45. Rg6 Ra8 46. f4 Kh7 47.
g8=Q+ Rxg8 48. Rxg8 Kxg8 49. g4 Nd8 50. h4 Ne6 51. Kg3 Kf7 52. h5 Kf6 53. g5+ Nxg5 54. fxg5+ Kxg5 55. Kh3 Kxh5 56. Kg3 Kg5 57. Kh3 h5 58. Kg3 h4+ 59. Kh3 Kh5 60. Kh2 Kg4 61. Kg2 h3+ 62. Kh2 Kh4 63. Kh1 Kg3 64. Kg1 Kg4 65.
Kh1 Kf3 66. Kg1 Kg4 67. Kh1 Kg3 68. Kg1 h2+ 69. Kh1 Kf2 70. Kxh2 1/2-1/2

[Event "Early-Titled-Tuesday-Blitz-October-17-2023"]
[Site "Chess.com"]
[Date "2023.10.17"]
[Round "9"]
[White "jraosam"]
[Black "ChessPromotionAlex"]
[Result "0-1"]
[WhiteElo "2121"]
[BlackElo "2600"]
[TimeControl "180+1"]
[EndTime "9:48:46 PDT"]
[Termination "ChessPromotionAlex won on time"]

1. d4 Nf6 2. c4 g6 3. Nc3 d5 4.
cxd5 Nxd5 5. e4 Nxc3 6. bxc3 Bg7 7.
Bc4 c5 8. Ne2 Nc6 9. Be3 O-O 10.
O-O Bg4 11. f3 Na5 12. Bd3 cxd4 13. Bxd4 Bd7 14. Rb1 b6 15. Bb5 Bxb5 16. Rxb5 Qc7 17. Bxg7 Kxg7 18. Qd4+ Kg8 19. Ng3 Rac8 20. Rc1 Nc4 21.
Rg5 Rfd8 22. Rd5 e6 23. Rxd8+ Rxd8 24. Qf6 Rd2 25. a4 Ne3 26. Kh1 Nxg2 27. Rg1 Qc5 28. h4 Qf2 29. Nh5 gxh5 30. Qg5+ Kf8 31. Rxg2 Qxg2+ 32. Qxg2 Rxg2 33. Kxg2 e5 34. Kf2 Ke7 35. Ke3 Kd6 36.
Kd2 Kc5 37. Kd3 a6 38. Kd2 Kc4 39. Kc2 b5 40. axb5 axb5 41. Kb2 b4 42. cxb4 Kxb4 43. Kc2 Kc4 44. Kd2 Kd4 45. Ke2 Kc3 46. Ke3 Kc2 47. Ke2 f6 48. f4 Kc3 49. Ke3 Kc4 50. Ke2 Kd4 51. Kf3 Kd3 52. fxe5 fxe5 53. Kg3 Kxe4 0-1

[Event "Early-Titled-Tuesday-Blitz-October-17-2023"]
[Site "Chess.com"]
[Date "2023.10.17"]
[Round "9"]
[White "Polish_fighter3000"]
[Black "Firouzja2003"]
[Result "1/2-1/2"]
[WhiteElo "3052"]
[BlackElo "3093"]
[TimeControl "180+1"]
[EndTime "9:48:49 PDT"]
[Termination "Game drawn by repetition"]

1. e4 c6 2. Nf3 d5 3. d3 Qc7 4. exd5 cxd5 5. c4 Nf6 6. Nc3 e6 7. a3 dxc4 8. dxc4 Nc6 9. g3 Be7 10. Bg2 O-O 11. O-O Rd8 12. Qe2 Na5 13. Nd2 Bd7 14. b4 Nxc4 15. Qxc4 Qxc4 16. Nxc4 Rac8 17. Na5 Rxc3 18. Nxb7 Rdc8 19. Bd2 Rc2 20. Be3 Bc6 21. Bxc6 R8xc6 22. Na5 Rc7 23. Rfc1 a6 24. Rxc2 Rxc2 25. Rc1 Rxc1+ 26. Bxc1 Nd5 27. Nc6 Bd6 28. Bb2 Kf8 29.
f4 f6 30. Kf2 Ke8 31. Nd4 Kd7 32. Nb3 Nb6 33. Ke2 Nc4 34. Bc1 Kc6 35. Kd3 Kd5 36. Nd2 Nxd2 37. Bxd2 e5 38. fxe5 fxe5 39. a4 e4+ 40.
Ke3 Kc4 41. b5 axb5 42. axb5 Kxb5 43. Kxe4 Kc6 44. Kf5 Kd7 45. Bc3 Bf8 46. g4 Ke7 47. Bb4+ Kf7 48. Bxf8 Kxf8 49. Ke6 Ke8 50. h4 Kf8 51. g5 Ke8 52. h5 Kf8 53. g6 hxg6 54.
hxg6 Ke8 55. Kd6 Kd8 56. Ke6 Ke8 57. Kd6 Kd8 58. Ke6 Ke8 1/2-1/2

[Event "Early-Titled-Tuesday-Blitz-October-17-2023"]
[Site "Chess.com"]
[Date "2023.10.17"]
[Round "9"]
[White "DrCeltic"]
[Black "Rosh1610"]
[Result "0-1"]
[WhiteElo "2545"]
[BlackElo "2452"]
[TimeControl "180+1"]
[EndTime "9:48:49 PDT"]
[Termination "Rosh1610 won by resignation"]

1. e4 e5 2. Nf3 Nc6 3. Bb5 a6 4. Ba4 Nf6 5. O-O Nxe4 6. d4 b5 7. Bb3 d5 8. dxe5 Be6 9. Be3 Bc5 10. Bxc5 Nxc5 11. Nc3 Nxb3 12. cxb3 O-O 13. Rc1 Ne7 14. b4 c6 15. Nd4 a5 16. a3 Qd7 17. Nce2 axb4 18.
axb4 Rfc8 19. Nb3 Qc7 20. Qd4 Nf5 21. Qf4 Ra2 22. Rc2 Ne7 23. Nbd4 Ng6 24. Qd2 Nxe5 25.
Nxb5 Qb6 26. Nbd4 Nc4 27. Qf4 Qxb4 28. Ng3 Rxb2 29. Rxb2 Qxb2 30. Ngf5 Bxf5 31. Nxf5 Qf6 32. Re1 Kh8 33. Qc7 Rf8 34. Ne7 Qc3 35. Rb1 Qc2 36. Ra1 Qb2 37. Rf1 Nd2 38. Rd1 Ne4 39.
Qf4 Qc2 40. Ra1 Qc5 41. h4 Qxe7 42. h5 Qf6 43. Qe3 Qxa1+ 0-1